 Dungeon Crawl Stone Soup version 0.31-a0-1612-g4aaf141004 (webtiles) character file.

Game seed: 9145108449519630160

100 Bnni the Digger (level 4, 0/35 HPs)
             Began as a Demigod Earth Elementalist on Jan 9, 2024.
             Slain by a rat (1 damage)
             ... on level 3 of the Dungeon.
             The game lasted 00:04:04 (1771 turns).

Bnni the Digger (Demigod Earth Elementalist)        Turns: 1771, Time: 00:04:05

Health: 0/35       AC:  4    Str:  9    XL:     4   Next: 23%
Magic:  9/10       EV: 12    Int: 21    God:
Gold:   17         SH:  0    Dex: 14    Spells: 3/7 levels left

rFire   . . .        f - +0 spear (flame)
rCold   . . .        m - orb {*channel}
rNeg    . . .        a - +0 robe
rPois   .            p - +0 helmet
rElec   .            l - scarf {+Inv}
rCorr   .            q - +0 pair of gloves
SInv    .            (no boots)
Will    .....        (no amulet)
Stlth   +            (no ring)
HPRegen 0.25/turn    (no ring)
MPRegen 0.12/turn

%: channel magic (20%)
@: very slightly contaminated, very slow
A: high MP 1, forlorn, divine attributes
a: Evoke Invisibility


You were on level 3 of the Dungeon.
You visited 1 branch of the dungeon, and saw 3 of its levels.

You collected 80 gold pieces.
You spent 63 gold pieces at shops.

Inventory:

Hand Weapons
 f - a +0 spear of flaming (weapon)
Armour
 a - a +0 robe (worn)
 l - a scarf of invisibility (worn)
 m - an orb of energy (worn)
 p - a +0 helmet (worn)
 q - a +0 pair of gloves (worn)
Scrolls
 e - a scroll of blinking {unknown}
 i - a scroll of vulnerability {unknown}
 j - 3 scrolls of poison {unknown}
 k - a scroll of revelation {unknown}
 n - a scroll of enchant armour {unknown}
 o - a scroll of enchant weapon {unknown}
Potions
 c - a potion of mutation {unknown}
 d - a potion of degeneration {unknown}
 g - a potion of haste {unknown}
 h - a potion of resistance {unknown}


   Skills:
 + Level 1.2 Fighting
 - Level 1.7 Dodging
 - Level 1.7 Stealth
 + Level 2.2 Spellcasting
 * Level 2.3 Conjurations
 * Level 3.5 Earth Magic


You had 3 spell levels left.
You knew the following spells:

 Your Spells              Type           Power      Damage    Failure   Level
a - Sandblast             Erth           34%        2d9       11%         1
b - Passwall              Erth           17%        N/A       24%         3

Your spell library contained the following spells:

 Spells                   Type           Power      Damage    Failure   Level
 Stone Arrow              Conj/Erth      28%        3d8       30%         3
 Brom's Barrelling Bould  Conj/Erth      14%        2d4       63%         4
 Petrify                  Alch/Erth      9%         N/A       77%         4


Dungeon Overview and Level Annotations

Branches:
Dungeon (3/15)

Shops:
D:3 [

Portals:
Sewer: D:3


Innate Abilities, Weirdness & Mutations

You have an increased reservoir of magic. (+10% MP)
You shall have no god before yourself.
Your divine heritage dramatically boosts your attributes as you level up.


Message History

Unknown command.
Aiming: Sandblast (safe; 11% risk of failure)
Press: ? - help, Q - select action, (/) - cycle Shift-Dir - straight line, f/p - river rat
Aim: a river rat (severely wounded, 80% to hit)
The blast of sand misses the river rat.
The rat bites you but does no damage. The river rat barely misses you.
Unknown command.
Aiming: Sandblast (safe; 11% risk of failure)
Press: ? - help, Q - select action, (/) - cycle Shift-Dir - straight line, f/p - river rat
Aim: a river rat (severely wounded, 80% to hit)
You miscast Sandblast.
Nothing appears to happen.
Magical energy flows into your mind! The rat bites you but does no damage.
The river rat bites you.
* * * LOW HITPOINT WARNING * * *
Aiming: Sandblast (safe; 11% risk of failure)
Press: ? - help, Q - select action, (/) - cycle Shift-Dir - straight line, f/p - river rat
Aim: a river rat (severely wounded, 80% to hit)
The blast of sand hits the river rat but does no damage.
The river rat is severely wounded.
The rat splashes around in the water.
The river rat barely misses you. The rat barely misses you.
The river rat bites you but does no damage.
Aiming: Sandblast (safe; 11% risk of failure)
Press: ? - help, Q - select action, (/) - cycle Shift-Dir - straight line, f/p - river rat
Aim: a river rat (severely wounded, 80% to hit)
The blast of sand hits the river rat but does no damage.
The river rat is severely wounded.
The rat splashes around in the water.
The river rat bites you.
* * * LOW HITPOINT WARNING * * *
Unknown command.
Magic courses through your body. The rat closely misses you.
The river rat bites you.
* * * LOW HITPOINT WARNING * * *
Aiming: Sandblast (safe; 11% risk of failure)
Press: ? - help, Q - select action, (/) - cycle Shift-Dir - straight line, f/p - river rat
Aim: a river rat (severely wounded, 80% to hit)
The blast of sand hits the river rat but does no damage.
The river rat is severely wounded.
The rat bites you.
You die...

##~######~##
#~~~~~~~~~~#
#~~~####†~~#
##~##~~##~##
#~#~~∩~#~# #..
#~#~~~~#~#
#..##~##~~##~##
#..#~~~#~r#†~~#
#..#~~~#rr@~~~# #
##..##~######~##
#....#.# ###
#......#
#....##########
#...)#........#
#.#...........# ..
#.#....∩....#
...###.#..........#


You could see a river rat, a quokka and a rat.

Vanquished Creatures
  4 adders
  A river rat (D:3)
  2 dart slugs
  3 orcs (D:2)
  2 bats
  3 endoplasms
  4 giant cockroaches
  6 goblins
  6 hobgoblins
  5 jackals
  A kobold (D:2)
  A quokka (D:3)
  2 ball pythons
  2 frilled lizards
  A rat (D:2)
43 creatures vanquished.

Notes
Turn   | Place    | Note
-------+----------+-------------------------------------------
     0 | D:1      | Bnni the Demigod Earth Elementalist began the quest for the
                  | Orb.
     0 | D:1      | Reached XP level 1. HP: 14/14 MP: 5/5
    41 | D:1      | Reached skill level 1 in Conjurations
   362 | D:1      | Reached XP level 2. HP: 22/22 MP: 5/7
   597 | D:2      | Reached skill level 3 in Earth Magic
   896 | D:2      | Reached XP level 3. HP: 27/27 MP: 6/8
   925 | D:2      | Learned a level 3 spell: Passwall
   970 | D:2      | Reached skill level 1 in Fighting
  1621 | D:3      | Reached XP level 4. HP: 28/35 MP: 5/10
  1704 | D:3      | Found Cawkod's Armour Shoppe.
  1711 | D:3      | Bought a +0 pair of gloves for 63 gold pieces
  1748 | D:3      | Found a glowing drain.
  1770 | D:3      | HP: 1/35 [river rat (4)]
  1771 | D:3      | Slain by a rat

Illustrated notes

Levels and vault maps discovered:
D:1:      psy_arrival_radial01, layout_rooms, serial_bayou_lake_a
D:2:      layout_basic, guppyfry_early_orc_mine
D:3:      layout_basic, serial_shops, shop, gup_sewer_entry_bubbles

Skill      XL: |  1  2  3 |
---------------+----------+-----
Conjurations   | 1 2 |  2.3
Earth Magic    | 3 |  3.5
Spellcasting   | 2 |  2.2
Fighting       | 1 |  1.2
Dodging        | |  1.7
Stealth        | |  1.7

Action                     |  1- 3 |  4- 6 || total
---------------------------+-------+-------++-------
  Melee: Spear             |     3 |       ||     3
   Cast: Sandblast         |    49 |    22 ||    71
    Use: Potion            |       |     1 ||     1
 Armour: Robe              |    13 |    33 ||    46
  Dodge: Dodged            |    24 |    30 ||    54

Table legend: (Time is in decaauts)
 A = Elapsed time spent in this place.
 B = Non-inter-level travel time spent in this place.
 C = Inter-level travel time spent in this place.
 D = Time resting spent in this place.
 E = Time spent auto-exploring this place.
 F = Levels seen in this place.
 G = Mean time per level.
                   A        B        C        D        E       F      G
               +--------+--------+--------+--------+--------+-----+--------+
         Total |   1838 |   1795 |     43 |     98 |   1314 |   3 |  612.7 |
       Dungeon |   1838 |   1795 |     43 |     98 |   1314 |   3 |  612.7 |
               +--------+--------+--------+--------+--------+-----+--------+

Top non-repeatable levels by time:
     D:2: 1008 daAuts
     D:1: 598 daAuts
     D:3: 231 daAuts
